AoeStats
← 可靠的同志

MegaRandom

507372874Analyzed
4v4 RM · 2mo ago on Sep 17, 2026· 28m 7s· 8 players
Game mode
Random Map
Map size
Large (8 player)
Population
200
Speed
Normal
Resources
Standard
Victory
Conquest
Starting age
Dark Age
Ending age
Imperial Age
RankedLock teamsTeams togetherTeam positionsShared explorationLock speedFull tech treeHidden civsTurbo modeCheats
Victory
Defeat
🇺🇸 Lithuanians · United States
1412
+10
🇺🇸 Magyars · United States
1309
+15
🇺🇸 Koreans · United States
1267
+16
🇳🇿 Mongols · New Zealand
1044
+26
vs
🇬🇧 Britons · United Kingdom
1283
-17
🇫🇷 Persians · France
1282
-17
🇺🇸 Japanese · United States
1269
-17
🇨🇳 Franks · China
1254
-16
Auto Horse
6:32 Loom
9:33 Feudal Age
13:16 Castle Age
11:18 Double-Bit Axe
11:14 Horse Collar
12:16 Scale Barding Armor
13:34 Forging
13:38 Bloodlines
14:46 Chain Barding Armor
19:18 Wheelbarrow
20:04 Forging
20:15 Husbandry
23:38 Town Watch
23:48 Gold Mining
29:30 Imperial Age
27:43 Iron Casting
sesquipedalia
2:56 Loom
11:30 Feudal Age
12:34 Double-Bit Axe
13:49 Scale Barding Armor
15:11 Bloodlines
15:52 Wheelbarrow
16:14 Bloodlines
18:11 Castle Age
17:14 Bloodlines
17:19 Gold Mining
18:19 Stone Mining
18:15 Horse Collar
18:35 Fletching
18:46 Padded Archer Armor
21:10 Hand Cart
22:27 Heavy Plow
22:38 Bow Saw
23:06 Gold Shaft Mining
26:55 Imperial Age
25:07 Husbandry
26:26 Corvinian Army
27:27 Chain Barding Armor
27:00 Light Cavalry
27:25 Elite Magyar Huszar
CodeRed7109
3:09 Loom
4:01 Loom
9:19 Feudal Age
11:14 Wheelbarrow
11:07 Double-Bit Axe
14:03 Fletching
16:51 Horse Collar
17:50 Town Watch
23:39 Castle Age
23:45 Castle Age
24:27 Bodkin Arrow
24:00 Crossbowman
24:47 Thumb Ring
24:50 Gold Mining
26:02 Ballistics
26:33 Hand Cart
26:44 Town Patrol
27:46 Bow Saw
27:47 Heavy Plow
27:59 Eupseong
Foami
4:07 Loom
8:42 Feudal Age
13:56 Castle Age
14:08 Forging
14:13 Scale Barding Armor
29:39 Imperial Age
twitch.tv/WatzTheDeal
1:05 Loom
8:53 Feudal Age
9:40 Double-Bit Axe
11:52 Wheelbarrow
16:04 Castle Age
jawsy_
9:44 Feudal Age
9:04 Loom
18:51 Castle Age
18:22 Forging
Alotta Fagina
8:54 Feudal Age
7:11 Loom
9:49 Double-Bit Axe
13:09 Fletching
15:25 Wheelbarrow
18:37 Castle Age
16:52 Town Watch
17:35 Padded Archer Armor
18:52 Crossbowman
19:49 Hand Cart
19:53 Bodkin Arrow
24:41 Ballistics
可靠的同志
6:13 Loom
10:53 Feudal Age
11:46 Double-Bit Axe
12:11 Town Watch
18:23 Castle Age
19:15 Wheelbarrow
Connection lost

Rejoining the realm…

Still unreachable

The connection could not be restored.

Session expired

The server has moved on; the page needs a fresh start.